 Dungeon Crawl Stone Soup version 0.21.1-1-g345015fe64 (webtiles) character file.

316 Naru the Slasher (level 6, -23/47 HPs)
             Began as a Demonspawn Gladiator on June 16, 2018.
             Annihilated by an ogre
             ... wielding a +0 giant spiked club
              (33 damage)
             ... on level 3 of the Dungeon.
             The game lasted 00:07:35 (3505 turns).

Naru the Slasher (Demonspawn Gladiator)             Turns: 3505, Time: 00:07:36

Health: -23/47     AC:  7    Str: 15    XL:     6   Next: 20%
Magic:  6/6        EV: 13    Int:  9    God:
Gold:   74         SH:  0    Dex: 16    Spells: 5/5 levels left

rFire    + . .     SeeInvis .   a - +0 long sword
rCold    x . .     Gourm    .   (no shield)
rNeg     + . .     Faith    .   q - +1 leather armour {rPois}
rPois    +         Spirit   .   (helmet restricted)
rElec    .         Reflect  .   (no cloak)
rCorr    .         Harm     .   i - +2 pair of gloves
MR       .....                  (no boots)
Stlth    +.........             (no amulet)
HPRegen  0.15/turn              o - ring of positive energy
MPRegen  0.10/turn              p - ring of fire

@: no status effects
A: claws 1, horns 2, blurry vision 1
a: no special abilities


You were on level 3 of the Dungeon.
You were hungry.

You visited 1 branch of the dungeon, and saw 4 of its levels.

You collected 74 gold pieces.

Inventory:

Hand Weapons
 a - a +0 long sword (weapon)
Missiles
 d - 3 throwing nets (quivered)
Armour
 i - a +2 pair of gloves (worn)
 q - a +1 leather armour of poison resistance (worn)
 s - a +0 robe of cold resistance
Jewellery
 o - a ring of positive energy (left hand)
 p - a ring of fire (right hand)
Potions
 k - a potion of brilliance
 l - a potion of degeneration
 m - a potion of invisibility {unknown}
 r - 2 potions of haste
Comestibles
 f - 5 rations


   Skills:
 * Level 3.2 Fighting
 * Level 5.5 Long Blades
 + Level 1.7 Throwing
 + Level 1.1 Armour
 + Level 3.0 Dodging


You had 5 spell levels left.
You didn't know any spells.

Dungeon Overview and Level Annotations

Branches:
Dungeon (4/15)
 Temple: D:4-7

Altars:
Ashenzari
Xom


Innate Abilities, Weirdness & Mutations

You have sharp fingernails.
You have a pair of horns on your head.
Scrolls take you a little longer to read.


Message History

The ogre hits you with a giant spiked club.
* * * LOW HITPOINT WARNING * * *
There is a stone staircase leading up, spattered with blood here.
You see here a chain mail.
The ogre barely misses you.
You riposte.
You slash the ogre!
The ogre is severely wounded.
You climb upwards.
There is a stone staircase leading down here.
Unknown command.
The ogre barely misses you.
You riposte.
You closely miss the ogre.
The ogre is severely wounded.
Okay, then.
An orc comes into view. It is wielding a short sword.
The orc shouts!
You hear a shout!
The orc hits you but does no damage.
You slash the orc!
You kill the orc!
The ogre hits you with a giant spiked club!!
Ouch! That really hurt!
You die...

#.####.####.##### #...# #.#
#.# #.# #..## #.# ##.##
#.############..## #.# #...#
#...............## #.# #.#.#
###############.##
#.###...## #######.#.
#.##.....# #.....#.#.
#.##.###.##########.###.#.#.
#....# #..)@O.......# #.....
####.###.###.#####..###.###.
#............# #......##..
#.###...###..# #.##.#####.
##.###........# ###.##.# ##
#........###.## #.)....# #
#..####..###.####......#
#..# #....[....>......#
#####..# #..###.####......#


You could see an ogre.

Vanquished Creatures
  Sigmund (D:2)
  The ghost of barcollo the Skirmisher, a weakling MiBe of Trog (D:3)
  An orc wizard (D:3)
  3 adders
  An ooze (D:2)
  3 worms (D:2)
  A dart slug (D:1)
  4 leopard geckos
  3 orcs
  9 bats
  3 giant cockroaches (D:2)
  5 goblins (D:2)
  7 hobgoblins
  5 jackals
  4 frilled lizards
  A jackal skeleton (D:4)
  4 kobolds
  3 rats
59 creatures vanquished.

Notes
Turn   | Place    | Note
-------+----------+-------------------------------------------
     0 | D:1      | Naru the Demonspawn Gladiator began the quest for the Orb.
     0 | D:1      | Reached XP level 1. HP: 16/16 MP: 1/1
   157 | D:1      | Reached skill level 3 in Long Blades
   227 | D:1      | Gained mutation: You have a pair of small horns on your head. [demonic ancestry]
   227 | D:1      | Reached XP level 2. HP: 22/22 MP: 2/2
   541 | D:1      | Found a basalt altar of Yredelemnul.
   543 | D:1      | Found a radiant altar of Vehumet.
   543 | D:1      | Found a shimmering altar of Xom.
   545 | D:1      | Found a white marble altar of Elyvilon.
   545 | D:1      | Found a blossoming altar of Fedhas.
   545 | D:1      | Found a sacrificial altar of Ru.
  1166 | D:2      | Found a faded altar of an unknown god.
  1189 | D:2      | Gained mutation: Scrolls take you a little longer to read. [potion of mutation]
  1189 | D:2      | Gained mutation: You have a pair of horns on your head. [potion of mutation]
  1453 | D:2      | Mutation became permanent: You have a pair of small horns on your head. [demonic ancestry]
  1453 | D:2      | Gained mutation: You have a pair of horns on your head. [demonic ancestry]
  1453 | D:2      | Reached XP level 3. HP: 20/27 MP: 3/3
  1620 | D:2      | Found a shimmering altar of Xom.
  1620 | D:2      | Found a shattered altar of Ashenzari.
  1837 | D:2      | Reached skill level 4 in Long Blades
  1895 | D:2      | Gained mutation: You have sharp fingernails. [demonic ancestry]
  1895 | D:2      | Reached XP level 4. HP: 33/33 MP: 4/4
  1979 | D:2      | Noticed Sigmund
  1994 | D:2      | Killed Sigmund
  1994 | D:2      | Reached skill level 5 in Long Blades
  1994 | D:2      | Reached skill level 1 in Armour
  1994 | D:2      | Reached XP level 5. HP: 20/40 MP: 5/5
  2529 | D:3      | Noticed barcollo's ghost (weakling MiBe)
  2700 | D:3      | Killed barcollo's ghost
  2700 | D:3      | Reached XP level 6. HP: 16/47 MP: 6/6
  3505 | D:3      | Annihilated by an ogre

Skill      XL: |  1  2  3  4  5 |
---------------+----------------+-----
Long Blades    | 3 4 5 |  5.5
Armour         | 1 |  1.1
Fighting       | 3 |  3.2
Dodging        | 3 |  3.0
Throwing       | |  1.7

Action                   |  1- 3 |  4- 6 || total
-------------------------+-------+-------++-------
Melee: Long sword        |    72 |    63 ||   135
       Headbutt          |    15 |    15 ||    30
  Use: Potion            |     2 |       ||     2
       Scroll            |       |     8 ||     8
 Stab: Sleeping          |     2 |     1 ||     3
  Eat: Ration            |     1 |       ||     1
       Chunk             |       |     4 ||     4
Armor: Leather armour    |    38 |    11 ||    49
       Robe              |       |     3 ||     3
       Skin              |       |     1 ||     1
Dodge: Dodged            |    50 |    39 ||    89
       Rpst.: Long sword |    27 |     9 ||    36
